 Dungeon Crawl Stone Soup version 0.31-a0-983-g7b6862f502 (webtiles) character file.

Game seed: 1627499600687735640

57 lunkers the Insei (level 3, -1/27 HPs)
             Began as a Demigod Shapeshifter on Nov 2, 2023.
             Slain by a gnoll
             ... wielding a +0 club
              (5 damage)
             ... on level 3 of the Dungeon.
             The game lasted 00:02:46 (1259 turns).

lunkers the Insei (Demigod Shapeshifter)            Turns: 1259, Time: 00:02:47

Health: -1/27      AC:  2    Str: 15    XL:     3   Next: 50%
Magic:  5/5        EV: 12    Int: 12    God:
Gold:   107        SH:  0    Dex: 17    Spells: 2/2 levels left

rFire   . .          .
                       - Unarmed
rCold   . . .        (no shield)
rNeg    . . .        a - +0 animal skin
rPois   .            (helmet currently unavailable)
rElec   .            (cloak currently unavailable)
rCorr   .            (gloves currently unavailable)
SInv    .            (boots currently unavailable)
Will    .....        (no amulet)
Stlth   ++           (no ring)
HPRegen 0.24/turn    (no ring)
MPRegen 0.09/turn

%: no passive effects
@: beast-form
A: beast (slay +1), high MP 1, forlorn, divine attributes
a: Begin Untransformation


You were on level 3 of the Dungeon.
You were a hulking beast.
You visited 1 branch of the dungeon, and saw 3 of its levels.

You collected 107 gold pieces.

Inventory:

Armour
 a - a +0 animal skin (worn)
 h - a +0 pair of gloves
Talismans
 c - a beast talisman
 d - a flux talisman
 m - a blade talisman
Scrolls
 e - a scroll of silence {unknown}
 f - a scroll of amnesia {unknown}
 k - 2 scrolls of identify {unknown}
 l - a scroll of immolation {unknown}
Potions
 b - a potion of lignification
 g - a potion of curing {unknown}
 i - 2 potions of ambrosia {unknown}
 j - 3 potions of heal wounds {unknown}
 n - a potion of degeneration {unknown}


   Skills:
 - Level 0.8 Fighting
 - Level 1.7 Dodging
 * Level 3.8 Unarmed Combat
 + Level 3.2 Shapeshifting


You had 2 spell levels left.
You didn't know any spells.
Your spell library contained the following spells:

 Spells                   Type           Power      Damage    Failure   Level
 Blink                    Tloc           0%         N/A       45%         2
 Lesser Beckoning         Tloc           0%         N/A       45%         2
 Momentum Strike          Conj/Tloc      0%         3d8       45%         2


Dungeon Overview and Level Annotations

Branches:
Dungeon (3/15)

Shops:
D:3 [


Innate Abilities, Weirdness & Mutations

You are a hulking beast.
Your limbs bulge with bestial killing power. (Slay +1)
You have an increased reservoir of magic. (+10% MP)
You shall have no god before yourself.
Your divine heritage dramatically boosts your attributes as you level up.


Message History

You are too injured to fight recklessly!
You are too injured to fight recklessly!
You are too injured to fight recklessly!
You are too injured to fight recklessly!
You are too injured to fight recklessly!
You are too injured to fight recklessly!
You are too injured to fight recklessly!
You are too injured to fight recklessly!
You are too injured to fight recklessly!
An adder is nearby!
Unknown command.
You hit the adder.
The adder is severely wounded.
You feel sick. The adder bites you.
* * * LOW HITPOINT WARNING * * *
You hit the adder.
You kill the adder!
You feel sick.
Unknown command.
You feel sick.
Unknown command.
You feel sick.
You feel sick.
You are no longer poisoned.
A gnoll comes into view. It is wielding a +0 halberd.
A gnoll is nearby!
A gnoll comes into view. It is wielding a +0 club.
Found a fuming emerald potion.
The gnoll shouts! x2
Found Laijutuo's Armour Shoppe.
A gnoll comes into view. It is wielding a +0 halberd.
The gnoll hits you with a +0 halberd!
The gnoll shouts!
You hit the gnoll but do no damage.
You hear an angry hiss.
The gnoll hits you with a +0 halberd!
Ouch! That really hurt!
* * * LOW HITPOINT WARNING * * *
The gnoll hits you with a +0 club.
You die...

#.# #.# #.####### #
##........ .. ###.........
... .g...!..##########
#...##.gg.∩..........#
###......h# ########.#
..#.#.##..# #...#.###
#.#.#.##..# ###.#...... .
#.#.#.##..# ###...#...###
.# #.#<...#..#
#...#####.### .#
#.#....[..####.#...#....##
.###
#..............###.#.#..##
...# #.......#.######
#...#..## ...###
#......###.## ##.##..##


You could see 3 gnolls.

Vanquished Creatures
  An adder (D:3)
  2 dart slugs
  3 endoplasms
  4 giant cockroaches
  3 hobgoblins
  6 jackals
  2 kobolds (D:1)
  A quokka (D:2)
  4 ball pythons
  4 bats
  2 goblins
  7 rats
39 creatures vanquished.

Notes
Turn   | Place    | Note
-------+----------+-------------------------------------------
     0 | D:1      | lunkers the Demigod Shapeshifter began the quest for the
                  | Orb.
     0 | D:1      | Reached XP level 1. HP: 15/15 MP: 3/3
   288 | D:1      | Reached XP level 2. HP: 22/22 MP: 4/4
   845 | D:2      | Reached XP level 3. HP: 27/27 MP: 5/5
  1258 | D:3      | Found Laijutuo's Armour Shoppe.
  1259 | D:3      | Slain by a gnoll

Illustrated notes

Levels and vault maps discovered:
D:1:      roderic_crop_circles_arrival_small, layout_basic
D:2:      layout_rooms, shapermc_ecumenical_altar_ellora, basic_altar
D:3:      layout_loops_ring, serial_shops, shop,
          nicolae_shop_pleasant_corner_grove

Skill      XL: |  1  2 |
---------------+-------+-----
Unarmed Combat | 3 |  3.8
Shapeshifting  | 3 |  3.2
Fighting       | |  0.8
Dodging        | |  1.7

Action                     || total
---------------------------++-------
  Melee: Unarmed           ||   116
         Punch             ||     2
 Armour: Animal skin       ||    69
  Dodge: Dodged            ||    60

Table legend: (Time is in decaauts)
 A = Elapsed time spent in this place.
 B = Non-inter-level travel time spent in this place.
 C = Inter-level travel time spent in this place.
 D = Time resting spent in this place.
 E = Time spent auto-exploring this place.
 F = Levels seen in this place.
 G = Mean time per level.
                   A        B        C        D        E       F      G
               +--------+--------+--------+--------+--------+-----+--------+
         Total |   1251 |   1234 |     17 |      0 |    935 |   3 |  417.0 |
       Dungeon |   1251 |   1234 |     17 |      0 |    935 |   3 |  417.0 |
               +--------+--------+--------+--------+--------+-----+--------+

Top non-repeatable levels by time:
     D:1: 587 daAuts
     D:3: 368 daAuts
     D:2: 295 daAuts
